 Dungeon Crawl Stone Soup version 0.21-a0-582-g1b93aee (webtiles) character file.

112 sithsevirus the Chopper (level 4, -3/41 HPs)
             Began as a Minotaur Monk on Dec 19, 2017.
             Slain by a gnoll
             ... wielding a +0 flail
              (6 damage)
             ... on level 2 of the Dungeon.
             The game lasted 00:04:28 (872 turns).

sithsevirus the Chopper (Minotaur Monk)              Turns: 872, Time: 00:04:28

Health: -3/41      AC:  6    Str: 16    XL:     4   Next: 64%
Magic:  3/3        EV: 11    Int:  7    God:
Gold:   79         SH:  0    Dex: 13    Spells: 3/3 levels left

rFire    . . .     SeeInvis .   a - +0 hand axe
rCold    . . .     Gourm    .   (no shield)
rNeg     . . .     Faith    .   o - +0 scale mail
rPois    .         Spirit   .   (helmet restricted)
rElec    .         Reflect  .   (no cloak)
rCorr    .         Harm     .   (no gloves)
MR       .....                  (no boots)
Stlth    ..........             (no amulet)
HPRegen  0.13/turn              (no ring)
MPRegen  0.08/turn              (no ring)

@: no status effects
A: retaliatory headbutt, horns 2
a: no special abilities


You were on level 2 of the Dungeon.
You were not hungry.

You visited 1 branch of the dungeon, and saw 2 of its levels.

You collected 79 gold pieces.

Inventory:

Hand Weapons
 a - a +0 hand axe (weapon)
Missiles
 g - 48 stones (quivered)
 h - 32 sling bullets
Armour
 o - a +0 scale mail (worn)
Jewellery
 k - an uncursed ring of protection from magic {unknown}
 m - a +2 ring of evasion {unknown}
 p - an uncursed ring of ice {unknown}
Scrolls
 d - a scroll of blinking {unknown}
 e - 2 scrolls of fear {unknown}
 l - 4 scrolls of identify {unknown}
Potions
 b - a potion of invisibility {unknown}
 i - a potion of heal wounds {unknown}
 j - a potion of curing {unknown}
 n - a potion of mutation {unknown}
Books
 q - a book of Cantrips

   Spells                             Type                      Level
   a - Confusing Touch                Hexes                        1
   b - Animate Skeleton               Necromancy                   1
   c - Summon Small Mammal            Summoning                    1
   d - Apportation                    Translocation                1
Comestibles
 c - 3 rations
 f - 7 chunks of flesh


   Skills:
 + Level 4.8 Fighting
 + Level 4.8 Axes
 + Level 4.3 Dodging
 - Level 1.5 Stealth


You had 3 spell levels left.
You didn't know any spells.

Dungeon Overview and Level Annotations

Branches:
Dungeon (2/15)

Altars:


Innate Abilities, Weirdness & Mutations

You reflexively headbutt those who attack you in melee.
You have a pair of horns on your head.


Message History

The stone hits the gnoll.
The gnoll dies!
The gnoll closely misses you.
You hit the gnoll.
You headbutt the gnoll, but do no damage.
The gnoll is almost dead.
The gnoll throws a stone.
The stone completely misses you. The gnoll barely misses you.
You barely miss the gnoll.
The gnoll is almost dead.
The gnoll throws a stone.
The stone closely misses you. The gnoll barely misses you.
You hit the gnoll.
You kill the gnoll!
You hit the gnoll but do no damage. The gnoll barely misses you.
You closely miss the gnoll. The gnoll hits you with a flail!
* * * LOW HITPOINT WARNING * * *
Your scale mail prevents you from hitting the gnoll.
The gnoll hits you with a flail.
You die...

#.....# # ##.#.#.$.##. ......# #.
#..#...#..#. #.##..####### #.##.#
#.###g.. #.##........# #....#
#.....#( #.###.#.###.#########).#
#...###. #.# #.#.##
...........###.(####. #.# #..>.##
#.................... #.#
#..#..###.###.........(......
#.###.###......g@)...(.###.######
.......#..###.###.##.......#
#.##..........##.......#####
#.......########..######
####...........รท..#
################


You could see a gnoll.

Vanquished Creatures
  A gnoll (D:2)
  5 adders (D:2)
  2 dart slugs (D:1)
  3 ball pythons
  3 giant cockroaches
  7 goblins
  6 hobgoblins
  4 jackals (D:1)
  2 bats (D:2)
  3 frilled lizards (D:1)
  4 kobolds
  7 rats
47 creatures vanquished.

Vanquished Creatures (others)
  A gnoll (D:2)
1 creature vanquished.

Grand Total: 48 creatures vanquished

Notes
Turn   | Place    | Note
-------+----------+-------------------------------------------
     0 | D:1      | sithsevirus the Minotaur Monk began the quest for the Orb.
     0 | D:1      | Reached XP level 1. HP: 19/19 MP: 0/0
    56 | D:1      | Reached XP level 2. HP: 27/27 MP: 1/1
   298 | D:1      | Reached XP level 3. HP: 33/33 MP: 2/2
   724 | D:2      | Reached XP level 4. HP: 36/41 MP: 3/3
   872 | D:2      | Slain by a gnoll

Vault maps used:
D:1:      lightli_iron_boxes
D:2:      first_ration, minmay_tetromino_t4

Skill      XL: |  1  2  3 |
---------------+----------+-----
Axes           | 4 |  4.8
Fighting       | 4 |  4.8
Dodging        | 4 |  4.3
Stealth        | |  1.5

Action                   |  1- 3 |  4- 6 || total
-------------------------+-------+-------++-------
Melee: Hand axe          |    84 |    33 ||   117
       Headbutt          |    11 |     5 ||    16
Throw: Stone             |     9 |       ||     9
Armor: Robe              |     1 |       ||     1
       Chain mail        |    28 |       ||    28
       Scale mail        |     9 |    19 ||    28
Dodge: Dodged            |    47 |    35 ||    82

Table legend:
 A = Spawn XP
 B = Non-spawn XP
 C = Spawn XP percentage of total XP
 D = Spawn monster count
 E = Non-spawn monster count
 F = Spawn count percentage of total count
 G = Total turns spent on level
                    A         B        C        D         E        F      G
               +---------+---------+-------+---------+---------+-------+---------
         Total |       0 |     161 |   0.0 |       0 |      48 |   0.0 |   872
               +---------+---------+-------+---------+---------+-------+---------
           D:1 |       0 |      49 |   0.0 |       0 |      28 |   0.0 |   585
           D:2 |       0 |     112 |   0.0 |       0 |      20 |   0.0 |   287
               +---------+---------+-------+---------+---------+-------+---------
